 Dungeon Crawl Stone Soup version 0.31-a0-188-g5e087ee2ca (webtiles) character file.

Game seed: 5187730461868038371

35 qw the Shooter (level 3, -1/20 HPs)
             Began as a Deep Elf Hunter on June 23, 2023.
             Slain by a goblin
             ... wielding a +0 club
              (2 damage)
             ... on level 1 of the Dungeon.
             The game lasted 00:00:17 (566 turns).

qw the Shooter (Deep Elf Hunter)                     Turns: 566, Time: 00:00:18

Health: -1/20      AC:  5    Str: 10    XL:     3   Next: 17%
Magic:  5/5        EV: 11    Int: 13    God:
Gold:   74         SH:  0    Dex: 18    Spells: 2/2 levels left

rFire   . . .        Y - +0 shortbow
rCold   . . .        (shield currently unavailable)
rNeg    . . .        f - +0 ring mail
rPois   .            (no helmet)
rElec   .            (no cloak)
rCorr   .            (no gloves)
SInv    .            (no boots)
Will    .....        (no amulet)
Stlth   +            (no ring)
HPRegen 0.23/turn    (no ring)
MPRegen 0.09/turn

%: no passive effects
@: no status effects
A: no striking features
a: no special abilities


You were on level 1 of the Dungeon.
You visited 1 branch of the dungeon, and saw 2 of its levels.

You collected 74 gold pieces.


   Skills:
 - Level 1.5 Fighting
 + Level 6.8 Ranged Weapons
 - Level 2.4 Dodging
 - Level 1.2 Stealth


You had 2 spell levels left.
You didn't know any spells.
Your spell library was empty.

Inventory:

Hand Weapons
 Y - a +0 shortbow (weapon)
Armour
 f - a +0 ring mail (worn)
Potions
 d - a potion of attraction {unknown}
 e - a potion of heal wounds {unknown}
 g - a potion of curing {unknown}
 j - a potion of mutation {unknown}

Dungeon Overview and Level Annotations

Branches:
Dungeon (2/15)

Altars:


Message History

You shoot an arrow. The arrow barely misses the orc.
The orc hits you with a +0 hand axe.
You shoot an arrow. The arrow barely misses the orc.
The orc closely misses you.
You shoot an arrow. The arrow hits the orc.
The orc is heavily wounded.
The orc completely misses you. The orc hits you with a +0 hand axe.
You shoot an arrow. The arrow hits the orc.
You kill the orc!
You start resting.
HP restored.
Done exploring.
(D) Dungeon
Where to? (* - list waypoints, Enter - D:2, ? - help)
What level of the Dungeon? (default 1, ? - help)
You climb downwards.
The goblin completely misses you. The orc barely misses you.
The goblin hits you with a +0 club.
There is a stone staircase leading up, spattered with blood here.
560 ||| STAIRDANCE The orc closely misses you.
The goblin hits you with a +0 club. The goblin hits you with a +0 dagger.
You climb upwards.
There is a stone staircase leading down here.
You shoot an arrow. The arrow hits the orc.
The orc is heavily wounded.
The orc hits you with a +0 flail. The goblin barely misses you. x2
The orc hits you with a +0 flail. The goblin hits you but does no damage.
The goblin barely misses you.
You shoot an arrow. The arrow hits the orc.
You kill the orc!
The goblin barely misses you. The goblin hits you with a +0 dagger.
You shoot an arrow. The arrow barely misses the goblin.
The goblin hits you with a +0 club. The goblin barely misses you.
You shoot an arrow. The arrow hits the goblin!
You kill the goblin!
The goblin misses you.
You shoot an arrow. The arrow hits the goblin.
The goblin is severely wounded.
The goblin closely misses you. The goblin hits you with a +0 club.
You die...

#.............777..#......####..
###................#......#....#
#.............................
##..............#.............
##....(..................#.>..
#.....(....##.#.######.#######
#.................# #..#
#...........###.#.###.## #####
##........#.g@#.#.....# ##....
##.......###)).#...### #.?###
######..#####.....### #.####
##...###.#.....###.....
#.#...................
#.###.............###.
#######.##...............##.
##.....#..................#..
##............%..............#


You could see a goblin.

Vanquished Creatures
  2 orcs (D:1)
  2 ball pythons (D:1)
  3 bats (D:1)
  7 endoplasms (D:1)
  4 goblins (D:1)
  A hobgoblin (D:1)
  3 jackals (D:1)
  2 kobolds (D:1)
  A frilled lizard (D:1)
  3 rats (D:1)
28 creatures vanquished.

Notes
Turn   | Place    | Note
-------+----------+-------------------------------------------
     0 | D:1      | qw the Deep Elf Hunter began the quest for the Orb.
     0 | D:1      | Reached XP level 1. HP: 12/12 MP: 3/3
     0 | D:1      | 0 ||| qw: Version: 0.3-a-9-g12657ce
     0 | D:1      | 0 ||| qw: Game counter: 4129
     0 | D:1      | 0 ||| qw: Always use a shield: true
     0 | D:1      | 0 ||| qw: God list: Okawaru
     0 | D:1      | 0 ||| qw: Allow faded altars: false
     0 | D:1      | 0 ||| qw: Do Orc after D:15 true
     0 | D:1      | 0 ||| qw: Do second Lair branch before Depths: true
     0 | D:1      | 0 ||| qw: Lair rune preference: random
     0 | D:1      | 0 ||| qw: Plans: Normal
     0 | D:1      | 0 ||| PLANNING D:1-11
    95 | D:1      | 95 ||| FLEEEEING.
   124 | D:1      | Reached XP level 2. HP: 16/16 MP: 4/4
   128 | D:1      | Reached skill level 6 in Ranged Weapons
   269 | D:1      | 269 ||| FLEEEEING.
   270 | D:1      | 270 ||| FLEEEEING.
   271 | D:1      | 271 ||| FLEEEEING.
   285 | D:1      | Reached XP level 3. HP: 20/20 MP: 5/5
   393 | D:1      | 393 ||| UPGRADING to +0 ring mail.
   403 | D:1      | 403 ||| DROPPING +0 leather armour.
   404 | D:1      | 404 ||| READING scroll labelled MUINUAPRU.
   405 | D:1      | 405 ||| READING scroll labelled SOAZEOTAYN.
   406 | D:1      | 406 ||| READING scroll labelled QIHABAME FOEPN.
   507 | D:1      | 507 ||| DROPPING scroll of butterflies.
   525 | D:2      | 525 ||| STAIRDANCE
   560 | D:2      | 560 ||| STAIRDANCE
   563 | D:1      | HP: 4/20 [goblin/+0 dagger (3)]
   564 | D:1      | HP: 1/20 [goblin/+0 club (4)]
   566 | D:1      | Slain by a goblin

Levels and vault maps discovered:
D:1:      saegor_arrival_simple_d, layout_rooms, minmay_stone_trees_small
D:2:      layout_rooms, dreamdust_ecumenical_altar_statues, serial_forest,
          infiniplex_forest_straight_1, infiniplex_forest_straight_1,
          infiniplex_forest_lined_2, infiniplex_forest_corner_1,
          infiniplex_forest_end_2, infiniplex_forest_lined_room_2, basic_altar,
          uniq_terence, uniq_crazy_yiuf_cottage

Skill      XL: |  1  2 |
---------------+-------+-----
Ranged Weapons | 6 |  6.8
Fighting       | |  1.5
Dodging        | |  2.4
Stealth        | |  1.2

Action                     || total
---------------------------++-------
   Fire: Shortbow          ||    61
    Use: Scroll            ||     3
 Armour: Leather armour    ||     1
         Ring mail         ||     1
  Dodge: Dodged            ||    18

Table legend:
 A = Non-vault XP
 B = Vault XP
 C = Vault XP percentage of total XP
 D = Non-vault monster count
 E = Vault monster count
 F = Vault count percentage of total count
                 A         B        C        D         E       F
            +---------+---------+-------+---------+---------+-------
      Total |      51 |       0 |   0.0 |      28 |       0 |   0.0
            +---------+---------+-------+---------+---------+-------
        D:1 |      51 |       0 |   0.0 |      28 |       0 |   0.0
            +---------+---------+-------+---------+---------+-------
